 Dungeon Crawl Stone Soup version 0.18.1-50-g88ac8fd (webtiles) character file.

8513 wamma the Nimble (level 11, -12/110 HPs)
             Began as a Deep Dwarf Berserker on Sept 22, 2016.
             Was an Elder of Trog.
             Mangled by a komodo dragon (22 damage)
             ... on level 1 of the Lair of Beasts.
             The game lasted 01:03:37 (10808 turns).

wamma the Nimble (Deep Dwarf Berserker)            Turns: 10808, Time: 01:03:38

Health: -12/110    AC: 18    Str: 24    XL:     11   Next: 10%
Magic:  5/5        EV: 20    Int: 10    God:    Trog [****..]
Gold:   467        SH:  0    Dex: 14    Spells: 0 memorised, 10 levels left

rFire  . . .     SeeInvis .     B - +4 flail (protect)
rCold  . . .     Gourm    .     y - +2 robe {rN+}
rNeg   + . .     Faith    .     (no shield)
rPois  .         Spirit   .     w - +0 helmet
rElec  .         Dismiss  .     t - +0 cloak {MR+}
rCorr  .         Reflect  .     (no gloves)
SustAt +         Harm     .     (no boots)
MR     ++++.     Rnd*Rage +     (no amulet)
Stlth  +++.......               P - +4 ring of strength
                                J - ring of sustain attributes

@: about to teleport, non-regenerating, incredibly resistant to hostile
enchantments, fairly stealthy
A: damage resistance, recharge devices, icy blue scales 1, rough black scales 2,
agile 1, berserk 2, clever 1, deformed body, deterioration 1, sense surroundings
2, robust 1, slow regeneration 3, weak 1
a: Device Recharging, Berserk, Trog's Hand, Brothers in Arms, Burn Spellbooks,
Renounce Religion


You were on level 1 of the Lair of Beasts.
You worshipped Trog.
Trog was greatly pleased with you.
You were very hungry.

You visited 2 branches of the dungeon, and saw 11 of its levels.

You collected 467 gold pieces.

Inventory:

Hand Weapons
 a - a +1 mace
 e - a +1 dagger of speed
 h - a +0 dagger of flaming
 n - a +0 halberd
 o - a +0 morningstar
 p - a +0 mace of holy wrath
 q - a +2 flail of protection
 s - a +0 blowgun
 u - a +0 trident of venom
 x - a +0 mace of venom
 A - a +2 whip of freezing
 B - a +4 flail of protection (weapon)
Missiles
 m - 2 poisoned tomahawks (quivered)
Armour
 b - a +1 animal skin
 t - a +0 cloak of magic resistance (worn)
 w - a +0 helmet (worn)
 y - a +2 robe of positive energy (worn)
 K - a +1 robe of cold resistance
 Q - a troll hide
 U - a cursed +0 scale mail
Jewellery
 F - an uncursed ring of see invisible
 J - a ring of sustain attributes (left hand)
 N - a +1 ring of protection
 P - a +4 ring of strength (right hand)
 R - an uncursed ring of protection from magic
Wands
 c - a wand of heal wounds (2/9)
 z - a wand of iceblast (6/15)
 E - a wand of enslavement (13/24)
 M - a wand of digging (9/24)
 O - a wand of teleportation (2/9)
Scrolls
 i - 4 scrolls of blinking
 j - 3 scrolls of teleportation
 v - 6 scrolls of remove curse
 T - a scroll of fog
Potions
 f - a potion of magic
 g - a potion of flight
 k - 2 potions of brilliance
 D - a potion of might
 L - a potion of agility
Books
 C - a book of Ice

   Spells                             Type                      Level
   a - Ice Form                       Ice/Transmutation            4
   b - Metabolic Englaciation         Hexes/Ice                    5
   c - Ozocubu's Refrigeration        Ice                          6
   d - Bolt of Cold                   Conjuration/Ice              6
   e - Freezing Cloud                 Conjuration/Ice/Air          6
   f - Simulacrum                     Ice/Necromancy               6
   Trog disapproves of the use of such an item.
Miscellaneous
 G - a sack of spiders
Comestibles
 d - 9 bread rations
 l - 9 fruits
 r - 4 royal jellies
 H - 3 slices of pizza
 I - 3 meat rations
 S - 4 inedible chunks of flesh


   Skills:
 + Level 7.5 Fighting
 + Level 9.6 Maces & Flails
 + Level 0.1 Throwing
 + Level 2.5 Armour
 + Level 12.4 Dodging
 + Level 4.7 Stealth
 + Level 3.9 Evocations


You had 10 spell levels left.
You didn't know any spells.

Dungeon Overview and Level Annotations

Branches:
Dungeon (10/15)            Temple (0/1) D:7            Lair (1/8) D:10
    Orc (0/2) D:10

Altars:
Ashenzari
Dithmenos
Elyvilon
Fedhas
Kikubaaqudgha
Makhleb
Nemelex Xobeh
Okawaru
Qazlal
Sif Muna
Trog
Vehumet
Yredelemnul
Zin


Innate Abilities, Weirdness & Mutations

You are resistant to damage.
You can recharge devices by infusing magical energy.
You passively map the area around you.
You do not regenerate naturally.
You are partially covered in icy blue scales (AC +1).
You are mostly covered in rough black scales (AC +7, Dex -2).
You are agile. (Dex +2)
You often lose your temper in combat.
Your mind is acute. (Int +2)
Armour fits poorly on your strangely shaped body.
Your body sometimes deteriorates upon taking damage.
You are robust (+10% HP).
You are weak. (Str -2)


Message History

The yak gores you but does no damage.
Your skin crawls.
You feel resistant to hostile enchantments.
You feel slightly more hungry. The komodo dragon barely misses you.
The yak barely misses you.
You barely miss the komodo dragon.
The komodo dragon is severely wounded.
You are feeling very hungry.
The komodo dragon completely misses you.
The yak gores you!
* * * LOW HITPOINT WARNING * * *
The komodo dragon bites you!!
* * * LOW HITPOINT WARNING * * *
Your body deteriorates!
You feel weakened for a moment.
Zapping:
O - a wand of teleportation (3/9)
Press: ? - help, Shift-Dir - straight line, f - you You feel strangely unstable.
This wand has 2 charges left.
The yak closely misses you. The komodo dragon bites you!!
You die...

* *,** #,#..#...* #...........
*,,* #.#..#..## #.......#...
*,**##.#......* ##..#.##.....
*,*.#........#* #......#.....
**,,..........# *#.....รท.#...
*,,,,.........# #..P..#.#...
*,,,,,,*#./Y.Y## #>....#.#...
****,,,***#...YlY#####.......#...
**,,,,,* ##.)..Y@.......P..#.#.##
,,,,,,,**#......................,
,,,,,,,,*##.............#..#.....
,,,,,,,**##.............+..#.....
,,,,,..###..............#.#....,,
,,,,,.........................,,,
**,*,####..##P.#####.######*###**
***** ###*#### ###


You could see a komodo dragon and 5 yaks.

Vanquished Creatures
  Erolcha (D:9)
  A hill giant (D:9)
  Pikel (D:5)
  An elephant (Lair:1)
  A spiny frog (Lair:1)
  A rime drake (Lair:1)
  2 komodo dragons
  A troll (D:9)
  Prince Ribbit (D:7)
  A hippogriff (D:9)
  5 water moccasins (Lair:1)
  A porcupine (Lair:1)
  Duvessa (D:4)
  4 ice beasts (D:9)
  2 slaves (D:5)
  A phantom (D:6)
  4 orc warriors
  2 sky beasts
  An ogre (D:8)
  5 centaurs
  An eye of draining (D:9)
  5 giant frogs
  A gnoll sergeant (D:9)
  A wyvern zombie (D:8)
  2 scorpions
  Dowan (D:4)
  2 spriggan skeletons (D:9)
  4 wights (D:7)
  A troll skeleton (D:9)
  A howler monkey (D:5)
  2 crimson imps
  A giant frog zombie (D:8)
  2 centaur zombies
  2 hounds
  5 jellies
  12 orc wizards
  Crazy Yiuf (D:4)
  5 giant frog skeletons
  4 orc priests
  3 centaur skeletons (D:9)
  2 iguanas
  4 worker ants
  A killer bee zombie (D:10)
  A hound zombie (D:5)
  8 adders
  9 gnolls
  A howler monkey skeleton (D:6)
  A river rat (Lair:1)
  An adder zombie (D:8)
  4 worms
  2 dart slugs
  3 giant geckos
  40 orcs
  A ball python (D:2)
  3 giant cockroaches
  6 hobgoblins
  13 jackals
  6 kobolds
  3 quokkas
  5 bats
  3 giant newts
  5 goblins
  2 rats (D:1)
  A bush (D:7)
  2 plants
220 creatures vanquished.

Vanquished Creatures (others)
  A slave (D:5)
  A giant gecko (D:5)
  A plant (D:10)
3 creatures vanquished.

Grand Total: 223 creatures vanquished

Notes
Turn   | Place    | Note
--------------------------------------------------------------
     0 | D:1      | wamma the Deep Dwarf Berserker began the quest for the Orb.
     0 | D:1      | Reached XP level 1. HP: 20/20 MP: 1/1
   188 | D:1      | Reached XP level 2. HP: 10/27 MP: 2/2
  1303 | D:2      | Reached XP level 3. HP: 32/33 MP: 3/3
  1529 | D:2      | Reached ** piety under Trog
  2347 | D:3      | Found a blossoming altar of Fedhas.
  2347 | D:3      | Found a stormy altar of Qazlal.
  2452 | D:3      | Reached skill level 3 in Dodging
  2873 | D:3      | Found a burning altar of Makhleb.
  3076 | D:3      | Reached XP level 4. HP: 36/42 MP: 4/4
  3188 | D:3      | Reached skill level 1 in Stealth
  3541 | D:3      | Reached skill level 1 in Evocations
  3729 | D:4      | Gained mutation: You are somewhat resistant to further mutation. [potion of beneficial mutation]
  3736 | D:4      | Lost mutation: You are somewhat resistant to further mutation. [potion of cure mutation]
  3793 | D:4      | Reached skill level 4 in Dodging
  3793 | D:4      | Reached XP level 5. HP: 26/49 MP: 5/5
  3934 | D:4      | Noticed Dowan
  3938 | D:4      | Noticed Duvessa
  3943 | D:4      | Killed Dowan
  3943 | D:4      | Reached XP level 6. HP: 53/57 MP: 5/5
  3951 | D:4      | Killed Duvessa
  3951 | D:4      | Reached skill level 5 in Dodging
  4287 | D:4      | Noticed Crazy Yiuf
  4306 | D:4      | Killed Crazy Yiuf
  4477 | D:5      | Entered Level 5 of the Dungeon
  4537 | D:5      | Reached XP level 7. HP: 26/66 MP: 6/6
  4544 | D:5      | Reached skill level 6 in Dodging
  4634 | D:5      | Found an iron altar of Okawaru.
  4726 | D:5      | Noticed Pikel
  4739 | D:5      | Killed Pikel
  4739 | D:5      | Reached skill level 5 in Maces & Flails
  4739 | D:5      | Reached skill level 7 in Dodging
  4739 | D:5      | Reached XP level 8. HP: 64/73 MP: 7/7
  4815 | D:5      | Reached skill level 5 in Fighting
  4815 | D:5      | Reached skill level 8 in Dodging
  4851 | D:5      | Reached *** piety under Trog
  4857 | D:5      | Gained mutation: Armour fits poorly on your strangely shaped body. [potion of mutation]
  4857 | D:5      | Gained mutation: You are agile. (Dex +2) [potion of mutation]
  5314 | D:6      | Gained mutation: You tend to lose your temper in combat. [mutagenic meat]
  5339 | D:6      | Gained mutation: You are partially covered in rough black scales (AC +4, Dex -1). [mutagenic meat]
  5352 | D:6      | Gained mutation: You have sharp toenails. [mutagenic meat]
  5403 | D:6      | Gained mutation: You are weak. (Str -2) [mutagenic meat]
  5411 | D:6      | Lost mutation: You have sharp toenails. [mutagenic meat]
  5479 | D:6      | Gained mutation: You are robust (+10% HP). [potion of beneficial mutation]
  5492 | D:6      | Gained mutation: Your mind is acute. (Int +2) [potion of mutation]
  5492 | D:6      | Gained mutation: You often lose your temper in combat. [potion of mutation]
  5492 | D:6      | Gained mutation: You are partially covered in icy blue scales (AC +1). [potion of mutation]
  5717 | D:6      | Found a shadowy altar of Dithmenos.
  5786 | D:6      | Reached skill level 9 in Dodging
  5969 | D:6      | Found a radiant altar of Vehumet.
  6603 | D:7      | Found a staircase to the Ecumenical Temple.
  6611 | D:7      | Gained mutation: You passively map the area around you. [Deep Dwarf growth]
  6611 | D:7      | Reached XP level 9. HP: 45/89 MP: 8/8
  6682 | D:7      | Found an ancient bone altar of Kikubaaqudgha.
  6819 | D:7      | Noticed Prince Ribbit
  6829 | D:7      | Killed Prince Ribbit
  7328 | D:7      | Reached **** piety under Trog
  7437 | D:7      | Reached skill level 10 in Dodging
  7845 | D:8      | Found a white marble altar of Elyvilon.
  8121 | D:8      | Found a glowing silver altar of Zin.
  8127 | D:8      | Found a bloodstained altar of Trog.
  8194 | D:8      | Found a basalt altar of Yredelemnul.
  8199 | D:8      | Found a sparkling altar of Nemelex Xobeh.
  8204 | D:8      | Found a deep blue altar of Sif Muna.
  8782 | D:9      | Noticed Erolcha
  8812 | D:9      | Killed Erolcha
  8817 | D:9      | Reached XP level 10. HP: 48/101 MP: 7/7
  8903 | D:9      | Reached skill level 11 in Dodging
  9108 | D:9      | Found a shattered altar of Ashenzari.
  9200 | D:9      | Noticed a hill giant
  9220 | D:9      | Killed a hill giant
  9237 | D:9      | Received a gift from Trog
  9743 | D:10     | Entered Level 10 of the Dungeon
  9778 | D:10     | Found a staircase to the Orcish Mines.
  9983 | D:10     | Gained mutation: You expend magic power (3 MP) to strengthen your wands. [mutagenic meat]
  9984 | D:10     | Gained mutation: Your body sometimes deteriorates upon taking damage. [mutagenic meat]
  9985 | D:10     | Lost mutation: You expend magic power (3 MP) to strengthen your wands. [mutagenic meat]
 10150 | D:10     | Found a staircase to the Lair.
 10208 | D:10     | Reached skill level 12 in Dodging
 10274 | Lair:1   | Entered Level 1 of the Lair of Beasts
 10315 | Lair:1   | Gained mutation: You are mostly covered in rough black scales (AC +7, Dex -2). [potion of mutation]
 10362 | Lair:1   | Noticed an elephant
 10376 | Lair:1   | Killed an elephant
 10642 | Lair:1   | Reached XP level 11. HP: 49/110 MP: 5/5
 10808 | Lair:1   | Mangled by a komodo dragon

Skill      XL: |  1  2  3  4  5  6  7  8  9 10 |
---------------+-------------------------------+-----
Fighting       | 3 4 5 6 7 |  7.5
Dodging        | 3 4 5 7 9 10 12 | 12.4
Stealth        | 1 2 3 4 |  4.7
Evocations     | 1 2 3 |  3.9
Maces & Flails | 4 5 6 7 9 |  9.6
Throwing       | |  0.1
Armour         | |  2.5

Action                   |  1- 3 |  4- 6 |  7- 9 | 10-12 || total
-------------------------+-------+-------+-------+-------++-------
Melee: Mace              |   174 |   158 |    40 |       ||   372
       Morningstar       |       |       |   218 |       ||   218
       Flail             |       |       |   197 |   294 ||   491
       Kick              |       |       |     1 |       ||     1
 Fire: Blowgun           |     2 |       |       |       ||     2
Invok: Berserk           |       |     1 |     4 |     3 ||     8
       Trog's Hand       |       |     1 |     1 |     2 ||     4
 Abil: Device Recharging |       |     2 |     3 |     3 ||     8
Evoke: Wand              |     3 |     8 |    15 |    13 ||    39
  Use: Scroll            |     3 |     8 |     8 |     8 ||    27
       Potion            |     1 |     5 |     6 |     3 ||    15
 Stab: Sleeping          |     3 |       |     7 |     3 ||    13
  Eat: Royal jelly       |     1 |       |       |       ||     1
       Chunk             |     2 |     5 |    18 |    15 ||    40
       Fruit             |     1 |     2 |       |       ||     3
       Pizza             |     1 |       |     1 |       ||     2
       Meat ration       |       |       |     1 |       ||     1
       Beef jerky        |       |       |     2 |       ||     2
       Bread ration      |       |       |       |     1 ||     1
Armor: Animal skin       |    27 |    16 |   104 |       ||   147
       Robe              |       |       |    15 |    76 ||    91
Dodge: Dodged            |   112 |   130 |   449 |   336 ||  1027
